| TOP OF THE 1ST |
|
Boise Hawks batting - Pitching for West Virginia Black Bears : RHP Fred McIlrath
|
|
Pitching: RHP Fred McIlrath
|
|
|
Batting: RHB Aaron Burnet
|
0-0: Ball 1-0: Foul Ball, location: 2F 1-1: Called Strike 1-2: Foul Ball, location: 2F 1-2: Strikes out looking
|
|
Batting: SHB Ken Griffey IV
|
0-0: Foul Ball, location: 2F 0-1: Called Strike 0-2: Ball 1-2: Strikes out swinging
|
|
Batting: RHB Wali Mulogo
|
0-0: Swinging Strike 0-1: Ball 1-1: Foul Ball, location: 2F 1-2: Foul Ball, location: 2F 1-2: Strikes out looking
|
| Top of the 1st over - 0 runs, 0 hits, 0 errors, 0 left on base; Boise 0 - West Virginia 0 |
| BOTTOM OF THE 1ST |
|
West Virginia Black Bears batting - Pitching for Boise Hawks : RHP Jerry Dunne
|
|
Pitching: RHP Jerry Dunne
|
|
|
Batting: RHB Ken Manser
|
0-0: Called Strike 0-1: Foul Ball, location: 2F 0-2: Ball 1-2: Foul Ball, location: 2F 1-2: Ball 2-2: Ball 3-2: Ground out 4-3 (Groundball, 4, EV 86.2 MPH)
|
|
Batting: LHB Joe Wise
|
0-0: Foul Ball, location: 2F 0-1: Ball 1-1: Ball 2-1: Swinging Strike 2-2: Ball 3-2: Base on Balls
|
|
Batting: LHB Carlos Vega
|
0-0: SINGLE (Line Drive, 9S, EV 107.5 MPH) Joe Wise to second
|
|
Batting: LHB Tomohiro Yokoyama
|
0-0: Ball 1-0: Ball 2-0: Foul Ball, location: 2F 2-1: Foul Ball, location: 2F 2-2: Foul Ball, location: 2F 2-2: Ball 3-2: Foul Ball, location: 2F 3-2: Base on Balls Joe Wise to third Carlos Vega to second
|
|
Batting: LHB Norm Silveira-Wray
|
0-0: Called Strike 0-1: Ball 1-1: Ball 2-1: Ball 3-1: Swinging Strike 3-2: Fielders Choice at 2nd, 4-6 (Groundball, 4, EV 86.2 MPH) Joe Wise scores Carlos Vega to third
|
|
Batting: LHB Donald Imre
|
0-0: Called Strike 0-1: Fly out, F9 (Flyball, 9D, EV 85.0 MPH)
|
| Bottom of the 1st over - 1 run, 1 hit, 0 errors, 2 left on base; Boise 0 - West Virginia 1 |
| TOP OF THE 2ND |
|
Boise Hawks batting - Pitching for West Virginia Black Bears : RHP Fred McIlrath
|
|
Batting: SHB Chris Besselman
|
0-0: Ball 1-0: Called Strike 1-1: Ball 2-1: Ball 3-1: Called Strike 3-2: Fly out, F9 (Flyball, 9LD, EV 98.8 MPH)
|
|
Batting: RHB Seisaburo Edagawa
|
0-0: Ball 1-0: Ball 2-0: Fly out, F9 (Line Drive, 9LM, EV 93.1 MPH)
|
|
Batting: SHB Brad Madden
|
0-0: Called Strike 0-1: Called Strike 0-2: Strikes out swinging
|
| Top of the 2nd over - 0 runs, 0 hits, 0 errors, 0 left on base; Boise 0 - West Virginia 1 |
| BOTTOM OF THE 2ND |
|
West Virginia Black Bears batting - Pitching for Boise Hawks : RHP Jerry Dunne
|
|
Batting: RHB John Goynes
|
0-0: Ball 1-0: Ball 2-0: Called Strike 2-1: Ball 3-1: Base on Balls
|
|
Batting: RHB Tom Tate
|
0-0: Called Strike 0-1: Ball 1-1: 2-RUN HOME RUN (Flyball, 78XD, EV 110.6 MPH), Distance : 433 ft
|
|
Batting: RHB Brian Moore
|
0-0: Fly out, F9 (Line Drive, 9, EV 106.9 MPH)
|
|
Batting: RHB Ken Manser
|
0-0: Ball 1-0: Called Strike 1-1: Ball 2-1: Foul Ball, location: 2F 2-2: Ball 3-2: Foul Ball, location: 2F 3-2: Foul Ball, location: 2F 3-2: Base on Balls
|
|
Batting: LHB Joe Wise
|
0-0: Ball Ken Manser steals 2nd base (no throw) 1-0: Swinging Strike 1-1: Swinging Strike 1-2: DOUBLE (Line Drive, 78D, EV 104.4 MPH) Ken Manser scores
|
|
Batting: LHB Carlos Vega
|
0-0: Ball 1-0: Ball 2-0: DOUBLE (Line Drive, 9LS, EV 103.1 MPH) Joe Wise scores
|
|
Batting: LHB Tomohiro Yokoyama
|
0-0: Ball 1-0: Swinging Strike 1-1: Ball 2-1: Ball 3-1: Swinging Strike 3-2: Base on Balls
|
|
Batting: LHB Norm Silveira-Wray
|
0-0: Called Strike 0-1: Ball 1-1: Ball 2-1: Ball 3-1: Foul Ball, location: 2F 3-2: Base on Balls Carlos Vega to third Tomohiro Yokoyama to second
|
|
Pitching: LHP Jason Ryan
|
|
|
Batting: LHB Donald Imre
|
0-0: Fielders Choice at 2nd, 5-4 (Groundball, 5, EV 93.8 MPH) Carlos Vega scores Tomohiro Yokoyama to third
|
|
Batting: RHB John Goynes
|
0-0: Ball 1-0: Foul Ball, location: 2F 1-1: Called Strike 1-2: Foul Ball, location: 2F 1-2: Fly out, F9 (Flyball, 9, EV 78.8 MPH)
|
| Bottom of the 2nd over - 5 runs, 3 hits, 0 errors, 2 left on base; Boise 0 - West Virginia 6 |
| TOP OF THE 3RD |
|
Boise Hawks batting - Pitching for West Virginia Black Bears : RHP Fred McIlrath
|
|
Batting: RHB Ryan Ward
|
0-0: Ground out 4-3 (Groundball, 4, EV 80.0 MPH)
|
|
Batting: RHB Bob Hayes
|
0-0: Ball 1-0: Called Strike 1-1: Ground out 1-3 (Groundball, 15S, EV 70.0 MPH)
|
|
Batting: RHB Gashie Chimsima
|
0-0: Ball 1-0: Ball 2-0: Called Strike 2-1: Swinging Strike 2-2: Ball 3-2: Foul Ball, location: 2F 3-2: DOUBLE (Line Drive, 89D, EV 107.5 MPH)
|
|
Batting: RHB Aaron Burnet
|
0-0: Ball 1-0: Called Strike 1-1: Foul Ball, location: 2F 1-2: Strikes out swinging
|
| Top of the 3rd over - 0 runs, 1 hit, 0 errors, 1 left on base; Boise 0 - West Virginia 6 |
| BOTTOM OF THE 3RD |
|
West Virginia Black Bears batting - Pitching for Boise Hawks : LHP Jason Ryan
|
|
Batting: RHB Tom Tate
|
0-0: Ball 1-0: Ball 2-0: Fly out, F7 (Flyball, 7, EV 82.5 MPH)
|
|
Batting: RHB Brian Moore
|
0-0: Ball 1-0: Ball 2-0: Swinging Strike 2-1: Foul Ball, location: 2F 2-2: Strikes out looking
|
|
Batting: RHB Ken Manser
|
0-0: Ball 1-0: Foul Ball, location: 2F 1-1: SOLO HOME RUN (Flyball, 78XD, EV 114.4 MPH), Distance : 428 ft
|
|
Batting: LHB Joe Wise
|
0-0: Ball 1-0: Called Strike 1-1: Called Strike 1-2: Ball 2-2: Ball 3-2: SINGLE (Groundball, 34D, EV 94.4 MPH)
|
|
Batting: LHB Carlos Vega
|
0-0: Called Strike Joe Wise steals 2nd base 0-1: TRIPLE (Flyball, 8RXD, EV 94.4 MPH) Joe Wise scores
|
|
Batting: LHB Tomohiro Yokoyama
|
0-0: Called Strike 0-1: Foul Ball, location: 2F 0-2: Ball 1-2: Ground out 4-3 (Groundball, 4, EV 82.5 MPH)
|
| Bottom of the 3rd over - 2 runs, 3 hits, 0 errors, 1 left on base; Boise 0 - West Virginia 8 |
| TOP OF THE 4TH |
|
Boise Hawks batting - Pitching for West Virginia Black Bears : RHP Fred McIlrath
|
|
Batting: SHB Ken Griffey IV
|
0-0: Called Strike 0-1: Called Strike 0-2: Ground out 2-3 (Groundball, 13S, EV 73.1 MPH)
|
|
Batting: RHB Wali Mulogo
|
0-0: Called Strike 0-1: Ball 1-1: Swinging Strike 1-2: Ball 2-2: Foul Ball, location: 2F 2-2: Ball 3-2: Strikes out swinging
|
|
Batting: SHB Chris Besselman
|
0-0: Swinging Strike 0-1: Foul Ball, location: 2F 0-2: Strikes out looking
|
| Top of the 4th over - 0 runs, 0 hits, 0 errors, 0 left on base; Boise 0 - West Virginia 8 |
| BOTTOM OF THE 4TH |
|
West Virginia Black Bears batting - Pitching for Boise Hawks : LHP Jason Ryan
|
|
Batting: LHB Norm Silveira-Wray
|
0-0: SOLO HOME RUN (Flyball, 9D, EV 100.0 MPH), Distance : 396 ft
|
|
Batting: LHB Donald Imre
|
0-0: Foul Ball, location: 2F 0-1: Ball 1-1: Foul Ball, location: 2F 1-2: Ground out 4-3 (Groundball, 4S, EV 70.0 MPH)
|
|
Batting: RHB John Goynes
|
0-0: Ball 1-0: Foul Ball, location: 2F 1-1: Swinging Strike 1-2: Foul Ball, location: 2F 1-2: Ball 2-2: Fly out, F3 (Popup, 3SF, EV 70.0 MPH)
|
|
Batting: RHB Tom Tate
|
0-0: Ball 1-0: Foul Ball, location: 2F 1-1: Ball 2-1: Ball 3-1: Base on Balls
|
|
Batting: RHB Brian Moore
|
0-0: Called Strike 0-1: Fly out, F8 (Flyball, 8RS, EV 96.2 MPH)
|
| Bottom of the 4th over - 1 run, 1 hit, 0 errors, 1 left on base; Boise 0 - West Virginia 9 |
| TOP OF THE 5TH |
|
Boise Hawks batting - Pitching for West Virginia Black Bears : RHP Fred McIlrath
|
|
Batting: RHB Seisaburo Edagawa
|
0-0: Ball 1-0: Ground out U3 (Groundball, 34, EV 81.2 MPH)
|
|
Batting: SHB Brad Madden
|
0-0: SINGLE (Line Drive, 8RS, EV 105.0 MPH)
|
|
Batting: RHB Ryan Ward
|
0-0: Called Strike 0-1: Fly out, F9 (Flyball, 89S, EV 85.0 MPH)
|
|
Batting: RHB Bob Hayes
|
0-0: Fielders Choice at 2nd, 6-4 (Groundball, 6, EV 80.0 MPH)
|
| Top of the 5th over - 0 runs, 1 hit, 0 errors, 1 left on base; Boise 0 - West Virginia 9 |
| BOTTOM OF THE 5TH |
|
West Virginia Black Bears batting - Pitching for Boise Hawks : LHP Jason Ryan
|
|
Batting: RHB Ken Manser
|
0-0: Called Strike 0-1: Ball 1-1: Foul Ball, location: 2F 1-2: Ball 2-2: TRIPLE (Line Drive, 89XD, EV 109.4 MPH)
|
|
Batting: LHB Joe Wise
|
0-0: Ball 1-0: Swinging Strike 1-1: Ball 2-1: Ground out U3 (Groundball, 3L, EV 109.4 MPH)
|
|
Batting: LHB Carlos Vega
|
0-0: Ball 1-0: Foul Ball, location: 2F 1-1: Ball 2-1: Ball 3-1: Base on Balls
|
|
Pitching: RHP Carlos de Jesus
|
|
|
Batting: LHB Tomohiro Yokoyama
|
0-0: Ball 1-0: Ball 2-0: Ball 3-0: Base on Balls Carlos Vega to second
|
|
Batting: LHB Norm Silveira-Wray
|
0-0: Called Strike 0-1: Called Strike 0-2: Fly out, F7 (Flyball, 7S, EV 88.8 MPH)
|
|
Batting: LHB Donald Imre
|
0-0: Called Strike 0-1: Swinging Strike 0-2: Ball 1-2: Foul Ball, location: 2F 1-2: Ball 2-2: SINGLE (Groundball, 56, EV 98.8 MPH) Ken Manser scores Carlos Vega to third Tomohiro Yokoyama to second
|
|
Batting: RHB John Goynes
|
0-0: Ball 1-0: Called Strike 1-1: Called Strike 1-2: DOUBLE (Line Drive, 9LM, EV 109.4 MPH) Carlos Vega scores Tomohiro Yokoyama scores Donald Imre to third Runner from 3rd tries for Home, throw by RF and OUT! 9-4-2
|
| Bottom of the 5th over - 3 runs, 3 hits, 0 errors, 1 left on base; Boise 0 - West Virginia 12 |
| TOP OF THE 6TH |
|
Boise Hawks batting - Pitching for West Virginia Black Bears : RHP Fred McIlrath
|
|
Batting: RHB Gashie Chimsima
|
0-0: SINGLE (Groundball, 4MD, EV 100.0 MPH)
|
|
Batting: RHB Aaron Burnet
|
0-0: Called Strike Gashie Chimsima is caught stealing 2nd base 2-4 0-1: Ball 1-1: Ball 2-1: Foul Ball, location: 2F 2-2: Foul Ball, location: 2F 2-2: Strikes out swinging
|
|
Batting: SHB Ken Griffey IV
|
0-0: Ball 1-0: Fly out, F7 (Flyball, 78M, EV 83.1 MPH)
|
| Top of the 6th over - 0 runs, 1 hit, 0 errors, 0 left on base; Boise 0 - West Virginia 12 |
| BOTTOM OF THE 6TH |
|
West Virginia Black Bears batting - Pitching for Boise Hawks : RHP Carlos de Jesus
|
|
Batting: RHB Tom Tate
|
0-0: Ball 1-0: Ball 2-0: Called Strike 2-1: Foul Ball, location: 2F 2-2: Ground out 3-1 (Groundball, 34S, EV 85.0 MPH)
|
|
Batting: RHB Brian Moore
|
0-0: Ball 1-0: Called Strike 1-1: Ball 2-1: Ball 3-1: Ground out 6-3 (Groundball, 6, EV 102.5 MPH)
|
|
Batting: RHB Ken Manser
|
0-0: Fly out, F8 (Flyball, 8RXD, EV 96.9 MPH)
|
| Bottom of the 6th over - 0 runs, 0 hits, 0 errors, 0 left on base; Boise 0 - West Virginia 12 |
| TOP OF THE 7TH |
|
Boise Hawks batting - Pitching for West Virginia Black Bears : RHP Fred McIlrath
|
|
Batting: RHB Wali Mulogo
|
0-0: Ball 1-0: Ball 2-0: Called Strike 2-1: Fly out, F7 (Line Drive, 7S, EV 101.9 MPH)
|
|
Batting: SHB Chris Besselman
|
0-0: Swinging Strike 0-1: Called Strike 0-2: Ground out 6-3 (Groundball, 6M, EV 106.9 MPH)
|
|
Batting: RHB Seisaburo Edagawa
|
0-0: Called Strike 0-1: Ball 1-1: Fly out, F9 (Flyball, 9, EV 85.0 MPH)
|
| Top of the 7th over - 0 runs, 0 hits, 0 errors, 0 left on base; Boise 0 - West Virginia 12 |
| BOTTOM OF THE 7TH |
|
West Virginia Black Bears batting - Pitching for Boise Hawks : RHP Carlos de Jesus
|
|
Batting: LHB Joe Wise
|
0-0: Called Strike 0-1: Called Strike 0-2: Fly out, F7 (Flyball, 78M, EV 90.6 MPH)
|
|
Batting: LHB Carlos Vega
|
0-0: Called Strike 0-1: Ball 1-1: Foul Ball, location: 2F 1-2: Ball 2-2: Foul Ball, location: 2F 2-2: DOUBLE (Line Drive, 78D, EV 113.8 MPH)
|
|
Batting: LHB Tomohiro Yokoyama
|
0-0: Foul Ball, location: 2F 0-1: SINGLE (Line Drive, 9S, EV 86.9 MPH) Carlos Vega to third
|
|
Pinch Hitting: RHB Nick Wilkins
|
0-0: Called Strike 0-1: Grounds into double play, 6-4-3 (Groundball, 6, EV 108.1 MPH)
|
| Bottom of the 7th over - 0 runs, 2 hits, 0 errors, 1 left on base; Boise 0 - West Virginia 12 |
| TOP OF THE 8TH |
|
Boise Hawks batting - Pitching for West Virginia Black Bears : RHP Fred McIlrath
|
|
Now at 1B: Nick Wilkins
|
|
|
Batting: SHB Brad Madden
|
0-0: Ball 1-0: Ground out 4-3 (Groundball, 4, EV 88.1 MPH)
|
|
Batting: RHB Ryan Ward
|
0-0: SINGLE (Groundball, 6M, EV 96.9 MPH)
|
|
Batting: RHB Bob Hayes
|
0-0: Ball 1-0: Foul Ball, location: 2F 1-1: Fly out, F4 (Line Drive, 4, EV 66.2 MPH)
|
|
Batting: RHB Gashie Chimsima
|
0-0: Ball 1-0: Ground out 5-3 (Groundball, 5L, EV 81.9 MPH)
|
| Top of the 8th over - 0 runs, 1 hit, 0 errors, 1 left on base; Boise 0 - West Virginia 12 |
| BOTTOM OF THE 8TH |
|
West Virginia Black Bears batting - Pitching for Boise Hawks : RHP Carlos de Jesus
|
|
Batting: LHB Donald Imre
|
0-0: Called Strike 0-1: Ball 1-1: Hit by Pitch
|
|
Batting: RHB John Goynes
|
0-0: Called Strike 0-1: Ball 1-1: Ball 2-1: Ball 3-1: SINGLE (Groundball, 6D, EV 100.0 MPH) Donald Imre to second Runner from 2nd tries for 3rd, SAFE, throw by LF made to third
|
|
Batting: RHB Tom Tate
|
0-0: Called Strike 0-1: 3-RUN HOME RUN (Flyball, 7D, EV 98.1 MPH), Distance : 383 ft
|
|
Pitching: RHP Carlos Manriquez
|
|
|
Batting: RHB Brian Moore
|
0-0: Swinging Strike 0-1: Foul Ball, location: 2F 0-2: Ball 1-2: Ball 2-2: Foul Ball, location: 2F 2-2: Foul Ball, location: 2F 2-2: Strikes out looking
|
|
Batting: RHB Ken Manser
|
0-0: Called Strike 0-1: Foul Ball, location: 2F 0-2: Ball 1-2: Ball 2-2: Foul Ball, location: 2F 2-2: Foul Ball, location: 2F 2-2: Ball 3-2: DOUBLE (Groundball, 3L, EV 100.0 MPH)
|
|
Batting: LHB Joe Wise
|
Balk! Ken Manser to third 0-0: Ball 1-0: Ball 2-0: Ball 3-0: Called Strike 3-1: Called Strike 3-2: Foul Ball, location: 2F 3-2: Base on Balls
|
|
Batting: LHB Carlos Vega
|
0-0: Fly out, F9 (Flyball, 89M, EV 86.9 MPH)
|
|
Batting: LHB Tomohiro Yokoyama
|
0-0: Ground out 4-3 (Groundball, 34, EV 88.1 MPH)
|
| Bottom of the 8th over - 3 runs, 3 hits, 0 errors, 2 left on base; Boise 0 - West Virginia 15 |
| TOP OF THE 9TH |
|
Boise Hawks batting - Pitching for West Virginia Black Bears : RHP Fred McIlrath
|
|
Pinch Hitting: RHB Dan Hoffman
|
0-0: Ball 1-0: Foul Ball, location: 2F 1-1: Ball 2-1: Swinging Strike 2-2: DOUBLE (Flyball, 89D, EV 101.9 MPH)
|
|
Pitching: RHP Hitoshi Yoshihara
|
|
|
Batting: SHB Ken Griffey IV
|
0-0: Called Strike 0-1: Ground out 6-3 (Groundball, 6MS, EV 81.9 MPH) Dan Hoffman to third
|
|
Batting: RHB Wali Mulogo
|
0-0: Swinging Strike 0-1: Ball Wild Pitch! Dan Hoffman scores 1-1: Ground out 5-3 (Groundball, 56, EV 95.6 MPH)
|
|
Batting: SHB Chris Besselman
|
0-0: Ball 1-0: Ball 2-0: Called Strike 2-1: Ball 3-1: Base on Balls
|
|
Batting: RHB Seisaburo Edagawa
|
0-0: Called Strike 0-1: Called Strike 0-2: Ball 1-2: Foul Ball, location: 2F 1-2: Strikes out swinging, 2-3 out at first.
|
| Top of the 9th over - 1 run, 1 hit, 0 errors, 1 left on base; Boise 1 - West Virginia 15 |
|